 Dungeon Crawl Stone Soup version 0.27-a0-1051-g288ea87c7c (webtiles) character file.

Game seed: 6256105702353695409

185 siradein the Chiller (level 5, -6/35 HPs)
             Began as a Vampire Ice Elementalist on Apr 21, 2021.
             Mangled by Blork the orc
             ... wielding a +0 short sword of electrocution
              (19 damage)
             ... on level 4 of the Dungeon.
             The game lasted 00:11:43 (3960 turns).

siradein the Chiller (Vampire Ice Elementalist)     Turns: 3960, Time: 00:11:45

Health: -6/35      AC: 10    Str:  7    XL:     5   Next: 37%
Magic:  2/10       EV: 10    Int: 18    God:
Gold:   107        SH:  0    Dex: 15    Spells: 4/11 levels left

rFire    + . .     SeeInvis +   s - staff of fire
rCold    . . .     Faith    .   (no shield)
rNeg     . . .     Spirit   .   p - +0 ring mail
rPois    .         Reflect  .   q - +0 helmet
rElec    .         Harm     .   (no cloak)
rCorr    .         Rampage  .   (no gloves)
Will     .....                  m - +0 pair of boots
Stlth    ++........             (no amulet)
HPRegen  0.31/turn              b - ring of wizardry
MPRegen  0.12/turn              (no ring)

@: ice-armoured, regenerating quickly
A: alive, fangs 3, see invisible, unbreathing 1, vampiric 2
a: Exsanguinate


You were on level 4 of the Dungeon.
You visited 1 branch of the dungeon, and saw 4 of its levels.

You collected 107 gold pieces.

Inventory:

Armour
 m - a +0 pair of boots (worn)
 p - a +0 ring mail (worn)
 q - a +0 helmet (worn)
Magical Staves
 s - a staff of fire (weapon)
Jewellery
 b - a ring of wizardry (left hand)
Scrolls
 a - 5 scrolls of identify {unknown}
 c - a scroll of fear {unknown}
 f - a scroll of immolation {unknown}
 k - 4 scrolls of teleportation {unknown}
 o - a scroll of noise {unknown}
Potions
 d - 3 potions of curing {unknown}
 e - 2 potions of mutation {unknown}
 g - a potion of invisibility {unknown}
 h - a potion of attraction {unknown}
 i - a potion of haste {unknown}
 j - a potion of degeneration {unknown}
 l - a potion of magic {unknown}
 n - a potion of lignification {unknown}
 r - a potion of might {unknown}


   Skills:
 - Level 2.1 Dodging
 - Level 3.0 Stealth
 + Level 3.9 Spellcasting
 + Level 5.5 Ice Magic


You had 4 spell levels left.
You knew the following spells:

 Your Spells              Type           Power      Damage    Failure   Level
a - Freeze                Ice            92%        1d10      2%          1
b - Frozen Ramparts       Ice            46%        1d6       6%          3
c - Ozocubu's Armour      Ice            23%        N/A       6%          3

Your spell library contained the following spells:

 Spells                   Type           Power      Damage    Failure   Level
 Hailstorm                Conj/Ice       13%        3d5       52%         4
 Metabolic Englaciation   Hex/Ice        6%         N/A       86%         5


Dungeon Overview and Level Annotations

Branches:
Dungeon (4/15)
 Temple: D:4-7

Altars:

Shops:
D:2 [

Annotations:
D:4 Blork the orc


Innate Abilities, Weirdness & Mutations

Your natural rate of healing is unusually fast.
You have razor-sharp teeth.
You have supernaturally acute eyesight. (SInv)
You can survive without breathing.
You are afflicted with vampirism and can become a bat while bloodless.


Message History

Press: ? - help, Dir - look around, f - activate The walls around you are covered in ice.
Blork the orc gestures at you while chanting.
The puff of flame hits you but does no damage.
You resist.
An orc comes into view. It is wielding a +0 mace.
The wall freezes Blork the orc.
Blork the orc screams, "Die!"
The wall freezes Blork the orc.
Aiming: Freeze (safe; 2% risk of failure)
Press: ? - help, Q - select action, (/) - cycle Shift-Dir - straight line, f - Blork the orc
Aim: Blork the orc, wielding a +0 short sword of electrocution and wearing a +0 robe (lightly wounded)
You freeze Blork the orc.
Blork the orc is moderately wounded.
The wall freezes Blork the orc.
Blork the orc hits you but does no damage.
The wall freezes the orc.
Aiming: Freeze (safe; 2% risk of failure)
Press: ? - help, Q - select action, (/) - cycle Shift-Dir - straight line, f/p - Blork the orc
Aim: Blork the orc, wielding a +0 short sword of electrocution and wearing a +0 robe (moderately wounded)
You freeze Blork the orc.
Blork the orc is moderately wounded.
The wall freezes Blork the orc.
Blork the orc hits you with a +0 short sword of electrocution!
You are electrocuted!
The wall freezes the orc.
Aiming: Freeze (safe; 2% risk of failure)
Press: ? - help, Q - select action, (/) - cycle Shift-Dir - straight line, f/p - Blork the orc
Aim: Blork the orc, wielding a +0 short sword of electrocution and wearing a +0 robe (heavily wounded)
You freeze Blork the orc.
Blork the orc is heavily wounded.
The frozen ramparts melt away.
Blork the orc gestures at you while chanting.
The puff of flame misses you.
Casting: Freeze (safe; 2% risk of failure)
Confirm with . or Enter, or press ? or * to list all spells.
A film of ice covers your body!
Blork the orc hits you with a +0 short sword of electrocution.
You are electrocuted!!
Ouch! That really hurt!
You die...

#..........#
####..####.#
#..# #.#
#..# #.#
#..# #.#
#..# #.#
#..# #.. #
#..####..!.
#..@oo....#
##.####...#
#.# # #.#
#.# #.# #.#
#..


You could see Blork the orc and an orc.

Vanquished Creatures
  A scorpion (D:4)
  A hound (D:4)
  3 adders
  A worm (D:3)
  A dart slug (D:2)
  An orc (D:4)
  4 endoplasms
  6 giant cockroaches
  8 goblins
  3 hobgoblins
  5 jackals
  6 kobolds
  4 quokkas
  8 ball pythons
  3 bats
  4 frilled lizards (D:1)
  6 rats
65 creatures vanquished.

Notes
Turn   | Place    | Note
-------+----------+-------------------------------------------
     0 | D:1      | siradein the Vampire Ice Elementalist began the quest for
                  | the Orb.
     0 | D:1      | Reached XP level 1. HP: 13/13 MP: 3/3
   327 | D:1      | Reached XP level 2. HP: 19/19 MP: 0/5
  1344 | D:2      | Gained mutation: You are afflicted with vampirism and can
                  | become a bat while bloodless. [Vampire growth]
  1344 | D:2      | Reached XP level 3. HP: 24/24 MP: 5/7
  1537 | D:2      | Learned a level 3 spell: Frozen Ramparts
  1541 | D:2      | Learned a level 3 spell: Ozocubu's Armour
  1910 | D:2      | Noticed an ice beast
  2033 | D:2      | Reached XP level 4. HP: 25/30 MP: 1/8
  2105 | D:2      | Found Heno's Antique Armour Boutique.
  2835 | D:3      | Reached skill level 5 in Ice Magic
  3763 | D:4      | Noticed a scorpion
  3766 | D:4      | Killed a scorpion
  3767 | D:4      | Reached XP level 5. HP: 35/35 MP: 4/10
  3950 | D:4      | Noticed Blork the orc
  3960 | D:4      | Mangled by Blork the orc

Illustrated notes

Levels and vault maps discovered:
D:1:      dpeg_arrival_brainrot, layout_loops_corners, chequers_arboretum
D:2:      layout_basic, serial_shops, shop, lightli_corner_chamber
D:3:      layout_loops_corners, kennysheep_small_spiral
D:4:      layout_loops_ring, uniq_blork_the_orc

Skill      XL: |  1  2  3  4 |
---------------+-------------+-----
Spellcasting   | 3 |  3.9
Ice Magic      | 5 |  5.5
Dodging        | |  2.1
Stealth        | |  3.0

Action                   |  1- 3 |  4- 6 || total
-------------------------+-------+-------++-------
Melee: Unarmed           |     2 |     1 ||     3
       Bite              |       |     1 ||     1
 Cast: Freeze            |    53 |    14 ||    67
       Frozen Ramparts   |     5 |    15 ||    20
       Ozocubu's Armour  |       |     1 ||     1
Armor: Robe              |     4 |     2 ||     6
       Ring mail         |       |     4 ||     4
Dodge: Dodged            |    27 |    12 ||    39

Table legend: (Time is in decaauts)
 A = Elapsed time spent in this place.
 B = Non-inter-level travel time spent in this place.
 C = Inter-level travel time spent in this place.
 D = Time resting spent in this place.
 E = Time spent auto-exploring this place.
 F = Levels seen in this place.
 G = Mean time per level.
                   A        B        C        D        E       F      G
               +--------+--------+--------+--------+--------+-----+--------+
         Total |   3958 |   3836 |    122 |      4 |   3368 |   4 |  989.5 |
       Dungeon |   3958 |   3836 |    122 |      4 |   3368 |   4 |  989.5 |
               +--------+--------+--------+--------+--------+-----+--------+

Top non-repeatable levels by time:
     D:1: 1330 daAuts
     D:2: 1328 daAuts
     D:3: 1101 daAuts
     D:4: 197 daAuts
